[Event "Marienbad Open IM1 2020"]
[Site "Marianske Lazne"]
[Date "2020.01.19"]
[Round "2.9"]
[White "Tymrakiewicz, Rafal"]
[Black "Steiner, Bruno"]
[Result "1/2-1/2"]
[ECO "D02"]
[WhiteElo "2254"]
[BlackElo "2117"]
[Annotator "ChessBase"]
[PlyCount "141"]
[EventDate "2020.01.18"]
[EventType "tourn"]
[EventCountry "CZE"]
[SourceTitle "playchess.com"]
[Source "ChessBase"]
[SourceQuality "1"]
[TimeControl "40/5400+30:1800+30"]

1. d4 d5 2. c3 Nf6 3. Nf3 e6 4. Bg5 h6 5. Bh4 Be7 6. Nbd2 Nbd7 7. e3 b6 8. Bb5 O-O 9. Bc6 Rb8 10. Qe2 Ne8 11. Bg3 Bb7 12. Bxb7 Rxb7 13. O-O Nd6 14. Rfd1 Nf5 15. Qa6 Qc8 16. c4 Nxg3 17. hxg3 c6 18. a3 Rc7 19. Qxc8 Rfxc8 20. b4 a6 21. c5 bxc5 22. bxc5 Rb7 23. Rab1 Rcb8 24. Rxb7 Rxb7 25. Rb1 Rxb1+ 26. Nxb1 e5 27. Nc3 e4 28. Ne1 f5 29. Nc2 Kf7 30. Kf1 Ke6 31. Ke2 h5 32. Kd2 Bd8 33. Nb4 Nb8 34. Ne2 g5 35. Kc3 Kd7 36. Kb3 Kc7 37. Kc2 a5 38. Na2 Nd7 39. Nac3 Nf6 40. Kd2 Kb7 41. Ng1 Ne8 42. f3 Ng7 43. Ke2 Ne6 44. Kf2 Ka6 45. Nge2 Bf6 46. Ke1 Be7 47. Kd2 Bf8 48. Na4 Kb5 49. Nb6 Nxc5 50. dxc5 Bxc5 51. Nd7 exf3 52. gxf3 h4 53. gxh4 gxh4 54. a4+ Kc4 55. Ne5+ Kb3 56. Nxc6 Kxa4 57. Nf4 Kb5 58. Ne5 Bd6 59. Neg6 Bxf4 60. Nxf4 Kc4 61. Kc2 a4 62. Nh3 a3 63. Nf2 d4 64. e4 f4 65. e5 Kd5 66. Kb3 Kxe5 67. Kxa3 d3 68. Nxd3+ Kd4 69. Nxf4 Ke3 70. Ng2+ Kxf3 71. Nxh4+ 1/2-1/2

[Event "Marienbad Open IM1 2020"]
[Site "Marianske Lazne"]
[Date "2020.01.20"]
[Round "3.6"]
[White "Sernecki, Franciszek"]
[Black "Plischki, Sebastian"]
[Result "0-1"]
[ECO "D91"]
[WhiteElo "2204"]
[BlackElo "2387"]
[Annotator "RC"]
[PlyCount "58"]
[EventDate "2020.01.18"]
[EventType "tourn"]
[EventCountry "CZE"]
[SourceTitle "playchess.com"]
[Source "ChessBase"]
[SourceQuality "1"]
[TimeControl "40/5400+30:1800+30"]

1. d4 Nf6 2. c4 g6 3. Nc3 d5 4. Nf3 Bg7 5. Bg5 Ne4 6. h4 Nxg5 7. hxg5 dxc4 8. Qa4+ c6 9. Qxc4 Be6 10. Qa4 Qb6 11. O-O-O O-O 12. e3 Qc7 13. Be2 Nd7 14. Rh4 b5 15. Qc2 Qa5 16. b3 Rfc8 17. Ne1 c5 18. d5 Bf5 19. e4 Bxc3 20. exf5 Bxe1 21. fxg6 hxg6 22. Bg4 c4 23. b4 Qa3+ 24. Kb1 Qxb4+ 25. Kc1 Rd8 26. Be6 Nf8 27. Qe4 fxe6 28. Rh6 Qc3+ 29. Kb1 Qg7 0-1

[Event "Marienbad Open IM1 2020"]
[Site "Marianske Lazne"]
[Date "2020.01.20"]
[Round "3.7"]
[White "Steiner, Bruno"]
[Black "Stigar, Petter"]
[Result "1/2-1/2"]
[ECO "D00"]
[WhiteElo "2117"]
[BlackElo "2217"]
[Annotator "ChessBase"]
[PlyCount "34"]
[EventDate "2020.01.18"]
[EventType "tourn"]
[EventCountry "CZE"]
[SourceTitle "playchess.com"]
[Source "ChessBase"]
[SourceQuality "1"]
[TimeControl "40/5400+30:1800+30"]

1. d4 d5 2. Bf4 Nf6 3. e3 e6 4. Nd2 Bd6 5. Bg3 O-O 6. Bd3 c5 7. c3 Nc6 8. Ngf3 b6 9. Ne5 Bb7 10. f4 Ne7 11. Qc2 c4 12. Be2 Nf5 13. Bf2 Be7 14. g4 Nd6 15. Bf3 Qc7 16. g5 Nfe4 17. Nxe4 dxe4 1/2-1/2

[Event "Marienbad Open IM1 2020"]
[Site "Marianske Lazne"]
[Date "2020.01.20"]
[Round "3.8"]
[White "Roesemann, Rainer"]
[Black "Tymrakiewicz, Rafal"]
[Result "1-0"]
[ECO "A10"]
[WhiteElo "2231"]
[BlackElo "2254"]
[Annotator "ChessBase"]
[PlyCount "133"]
[EventDate "2020.01.18"]
[EventType "tourn"]
[EventCountry "CZE"]
[SourceTitle "playchess.com"]
[Source "ChessBase"]
[SourceQuality "1"]
[TimeControl "40/5400+30:1800+30"]

1. c4 g6 2. g3 Bg7 3. Bg2 e5 4. Nc3 d6 5. e4 Nc6 6. d3 Be6 7. Nge2 h5 8. Be3 h4 9. Qd2 Qd7 10. Nd5 Nd8 11. f4 c6 12. Ndc3 Ne7 13. O-O-O Bg4 14. Rdf1 Ne6 15. d4 h3 16. Bf3 Bxf3 17. Rxf3 exd4 18. Nxd4 f5 19. exf5 Nxf5 20. Nxf5 gxf5 21. Rd1 Kf7 22. Qd3 Bxc3 23. Qxc3 Rad8 24. Qd3 Ng7 25. Bd4 Rhe8 26. Qf1 Re4 27. Qxh3 Qe6 28. Rfd3 Qxc4+ 29. Bc3 d5 30. Rd4 Rxd4 31. Rxd4 Qe2 32. Qh6 Qe6 33. Qg5 Qe7 34. Qxe7+ Kxe7 35. Rb4 Ne8 36. Rxb7+ Ke6 37. Bb4 Rd7 38. Rxd7 Kxd7 39. Bc5 a6 40. b4 Nf6 41. Bd4 Ne4 42. Kc2 a5 43. bxa5 c5 44. Be3 Kc6 45. Kd3 Kb5 46. a6 Kxa6 47. Bxc5 Kb5 48. Be7 Kc6 49. Kd4 Nd2 50. h4 Nf3+ 51. Ke3 Nh2 52. h5 Kd7 53. Bc5 Ke6 54. a4 Nf1+ 55. Kf2 Nd2 56. Bb4 Ne4+ 57. Kf3 d4 58. a5 Kd5 59. h6 Nf6 60. Be7 Nh7 61. Ke2 Kc6 62. Kd3 Kb5 63. Bd8 Nf8 64. Kxd4 Ne6+ 65. Ke5 Nxd8 66. Kf6 Kxa5 67. h7 1-0

[Event "Marienbad Open IM1 2020"]
[Site "Marianske Lazne"]
[Date "2020.01.20"]
[Round "3.10"]
[White "Michalek, Jan"]
[Black "Vagman, Roy"]
[Result "1-0"]
[ECO "A06"]
[WhiteElo "2251"]
[BlackElo "2089"]
[Annotator "ChessBase"]
[PlyCount "83"]
[EventDate "2020.01.18"]
[EventType "tourn"]
[EventCountry "CZE"]
[SourceTitle "playchess.com"]
[Source "ChessBase"]
[SourceQuality "1"]
[TimeControl "40/5400+30:1800+30"]

1. Nf3 d5 2. g3 g6 3. Bg2 Bg7 4. O-O e5 5. d3 Ne7 6. e4 c6 7. Qe2 Qd6 8. Re1 d4 9. a4 c5 10. Na3 O-O 11. Nd2 Nbc6 12. f4 f6 13. Nac4 Qc7 14. Rf1 b6 15. Nf3 Bd7 16. Bd2 a6 17. a5 bxa5 18. fxe5 fxe5 19. Nxa5 Nxa5 20. Rxa5 Bb5 21. Bh3 Nc6 22. Raa1 Nb4 23. Be6+ Kh8 24. Bb3 h6 25. Nh4 Kh7 26. Qg4 Be8 27. Rxf8 Bxf8 28. Qe6 Qg7 29. Bxb4 cxb4 30. Bd5 Rb8 31. Rxa6 Bd7 32. Qxg6+ Qxg6 33. Nxg6 Bg7 34. Nh4 Kh8 35. Kg2 b3 36. Bxb3 Bb5 37. Ra3 Bf6 38. Nf5 Rb7 39. Nxh6 Be7 40. Ra8+ Kh7 41. Nf5 Bc5 42. Bd5 1-0

[Event "Marienbad Open IM1 2020"]
[Site "Marianske Lazne"]
[Date "2020.01.21"]
[Round "4.7"]
[White "Abhilash, Reddy M.L."]
[Black "Michalek, Jan"]
[Result "1/2-1/2"]
[ECO "E67"]
[WhiteElo "2258"]
[BlackElo "2251"]
[Annotator "ChessBase"]
[PlyCount "63"]
[EventDate "2020.01.18"]
[EventType "tourn"]
[EventCountry "CZE"]
[SourceTitle "playchess.com"]
[Source "ChessBase"]
[SourceQuality "1"]
[TimeControl "40/5400+30:1800+30"]

1. d4 Nf6 2. Nf3 d6 3. c4 g6 4. Nc3 Bg7 5. g3 O-O 6. Bg2 Nbd7 7. O-O e5 8. dxe5 dxe5 9. Be3 Re8 10. h3 c6 11. Qb3 Qa5 12. a3 Nc5 13. Qb4 Qxb4 14. axb4 Nce4 15. Nxe4 Nxe4 16. Rxa7 Rxa7 17. Bxa7 Be6 18. Rc1 Ra8 19. Be3 Ra2 20. Ne1 f5 21. Nd3 Nd6 22. Nc5 Bc8 23. b5 cxb5 24. Bd5+ Kf8 25. cxb5 Rxb2 26. Nxb7 Bxb7 27. Bxb7 Nxb5 28. Rc8+ Ke7 29. Ba6 Kd7 30. Rb8 Rb1+ 31. Kg2 Nc3 32. Rb4 1/2-1/2

[Event "Marienbad Open IM1 2020"]
[Site "Marianske Lazne"]
[Date "2020.01.21"]
[Round "4.9"]
[White "Stigar, Petter"]
[Black "Roesemann, Rainer"]
[Result "1/2-1/2"]
[ECO "B15"]
[WhiteElo "2217"]
[BlackElo "2231"]
[Annotator "ChessBase"]
[PlyCount "95"]
[EventDate "2020.01.18"]
[EventType "tourn"]
[EventCountry "CZE"]
[SourceTitle "playchess.com"]
[Source "ChessBase"]
[SourceQuality "1"]
[TimeControl "40/5400+30:1800+30"]

1. e4 c6 2. d4 d5 3. Nd2 dxe4 4. Nxe4 Nf6 5. Nxf6+ exf6 6. Bc4 Bd6 7. Qe2+ Qe7 8. Qxe7+ Kxe7 9. Bd3 Re8 10. Ne2 Be6 11. Bf4 Bxf4 12. Nxf4 g6 13. O-O-O Nd7 14. Rhe1 Kf8 15. Re3 Nb6 16. Rde1 Bd7 17. Rxe8+ Bxe8 18. c3 Rd8 19. Kc2 Rd6 20. Be4 Bd7 21. Nd3 Re6 22. Nc5 Re7 23. Nxd7+ Nxd7 24. Kd2 f5 25. Bd3 Nf6 26. Rxe7 Kxe7 27. f3 Nd5 28. Bc4 Nb6 29. Bb3 f4 30. Kd3 Nc8 31. c4 Nd6 32. c5 Nf5 33. Ke4 Nh4 34. g3 fxg3 35. hxg3 Nf5 36. g4 Ng7 37. d5 cxd5+ 38. Bxd5 b6 39. cxb6 axb6 40. g5 Nf5 41. a4 h5 42. gxh6 Nxh6 43. b4 Nf5 44. a5 Nd6+ 45. Kd4 Nb5+ 46. Kc4 Nd6+ 47. Kd4 Nb5+ 48. Kc4 1/2-1/2

[Event "Marienbad Open IM1 2020"]
[Site "Marianske Lazne"]
[Date "2020.01.21"]
[Round "4.10"]
[White "Sernecki, Franciszek"]
[Black "Steiner, Bruno"]
[Result "1-0"]
[ECO "B80"]
[WhiteElo "2204"]
[BlackElo "2117"]
[Annotator "ChessBase"]
[PlyCount "105"]
[EventDate "2020.01.18"]
[EventType "tourn"]
[EventCountry "CZE"]
[SourceTitle "playchess.com"]
[Source "ChessBase"]
[SourceQuality "1"]
[TimeControl "40/5400+30:1800+30"]

1. e4 c5 2. Nf3 e6 3. Nc3 d6 4. d4 cxd4 5. Nxd4 Nf6 6. g3 Be7 7. Bg2 O-O 8. O-O Nc6 9. Nb3 Rb8 10. a4 b6 11. f4 Na5 12. Nxa5 bxa5 13. b3 Rb4 14. Kh1 Bb7 15. Qe2 Qa8 16. Ba3 Rc8 17. Bxb4 axb4 18. e5 dxe5 19. fxe5 Bxg2+ 20. Qxg2 Qxg2+ 21. Kxg2 Ng4 22. Ne4 Ne3+ 23. Kf3 Nxf1 24. Rxf1 f5 25. exf6 gxf6 26. Rc1 f5 27. Nf2 Kf7 28. Nd3 Rc3 29. g4 a5 30. Kf4 Bd6+ 31. Kg5 h6+ 32. Kh5 Bxh2 33. gxf5 exf5 34. Rf1 Kf6 35. Rf2 Bc7 36. Kxh6 Bg3 37. Re2 Rc8 38. Kh7 f4 39. Re4 Rc7+ 40. Kg8 Rg7+ 41. Kf8 f3 42. Re3 Bd6+ 43. Ke8 Rg3 44. Kd7 f2 45. Nxf2 Rxe3 46. Ng4+ Kf5 47. Nxe3+ Ke4 48. Nc4 Bg3 49. Kc6 Kd4 50. Nxa5 Kc3 51. Kb5 Be1 52. Nc6 Kxc2 53. Kc4 1-0

[Event "Marienbad Open IM1 2020"]
[Site "Marianske Lazne"]
[Date "2020.01.21"]
[Round "5.7"]
[White "Roesemann, Rainer"]
[Black "Sernecki, Franciszek"]
[Result "1-0"]
[ECO "A45"]
[WhiteElo "2231"]
[BlackElo "2204"]
[Annotator "NA"]
[PlyCount "45"]
[EventDate "2020.01.18"]
[EventType "tourn"]
[EventCountry "CZE"]
[SourceTitle "playchess.com"]
[Source "ChessBase"]
[SourceQuality "1"]
[TimeControl "40/5400+30:1800+30"]

1. d4 Nf6 2. Bf4 c5 3. e3 d5 4. c3 Nc6 5. Nd2 e6 6. Ngf3 Bd6 7. Bg3 Qe7 8. Ne5 Nd7 9. f4 O-O 10. Bd3 f6 11. Nxc6 bxc6 12. O-O Bb7 13. Nf3 Rfd8 14. e4 cxd4 15. cxd4 c5 16. e5 Bc7 17. Qc2 g6 18. exf6 Qxf6 19. Bh4 Qxf4 20. Bg5 Qg4 21. Bxg6 Nf8 22. Bf7+ Kg7 23. Bf6+ 1-0

[Event "Marienbad Open IM1 2020"]
[Site "Marianske Lazne"]
[Date "2020.01.21"]
[Round "5.10"]
[White "Vagman, Roy"]
[Black "Abhilash, Reddy M.L."]
[Result "1/2-1/2"]
[ECO "B27"]
[WhiteElo "2089"]
[BlackElo "2258"]
[Annotator "NA"]
[PlyCount "24"]
[EventDate "2020.01.18"]
[EventType "tourn"]
[EventCountry "CZE"]
[SourceTitle "playchess.com"]
[Source "ChessBase"]
[SourceQuality "1"]
[TimeControl "40/5400+30:1800+30"]

1. e4 c5 2. Nf3 b6 3. c4 Bb7 4. Nc3 e6 5. d4 cxd4 6. Nxd4 a6 7. Be2 Qc7 8. Be3 Nf6 9. f3 Nc6 10. O-O Bc5 11. Nc2 Nb4 12. Bxc5 Qxc5+ 1/2-1/2

[Event "Marienbad Open IM1 2020"]
[Site "Marianske Lazne"]
[Date "2020.01.22"]
[Round "6.6"]
[White "Plischki, Sebastian"]
[Black "Abhilash, Reddy M.L."]
[Result "1/2-1/2"]
[ECO "D11"]
[WhiteElo "2387"]
[BlackElo "2258"]
[Annotator "NA"]
[PlyCount "69"]
[EventDate "2020.01.18"]
[EventType "tourn"]
[EventCountry "CZE"]
[SourceTitle "playchess.com"]
[Source "ChessBase"]
[SourceQuality "1"]
[TimeControl "40/5400+30:1800+30"]

1. d4 d5 2. c4 c6 3. Nf3 Nf6 4. Qc2 g6 5. Bf4 Bf5 6. Qb3 Qb6 7. e3 Bg7 8. Nc3 Qxb3 9. axb3 O-O 10. c5 Nbd7 11. h3 Rfe8 12. b4 a6 13. Be2 Ne4 14. g4 Nxc3 15. bxc3 Be4 16. O-O Bxf3 17. Bxf3 e5 18. Bg3 Nf8 19. Bg2 Rad8 20. Rfd1 exd4 21. cxd4 Rc8 22. Bd6 Ne6 23. h4 Nc7 24. g5 Nb5 25. Bf4 f5 26. gxf6 Bxf6 27. h5 g5 28. Bg3 Re7 29. Rdc1 Kg7 30. Bh3 Rce8 31. Kg2 Rf7 32. Bg4 Rfe7 33. Bf5 Kh6 34. Ra2 Rf7 35. Bg4 1/2-1/2

[Event "Marienbad Open IM1 2020"]
[Site "Marianske Lazne"]
[Date "2020.01.22"]
[Round "6.7"]
[White "Tymrakiewicz, Rafal"]
[Black "Vagman, Roy"]
[Result "0-1"]
[ECO "D26"]
[WhiteElo "2254"]
[BlackElo "2089"]
[Annotator "ChessBase"]
[PlyCount "90"]
[EventDate "2020.01.18"]
[EventType "tourn"]
[EventCountry "CZE"]
[SourceTitle "playchess.com"]
[Source "ChessBase"]
[SourceQuality "1"]
[TimeControl "40/5400+30:1800+30"]

1. Nf3 d5 2. e3 Nf6 3. c4 dxc4 4. Bxc4 e6 5. O-O c5 6. Nc3 Be7 7. d4 cxd4 8. exd4 Nc6 9. Bg5 O-O 10. Re1 a6 11. a4 h6 12. Bh4 Nh5 13. Bxe7 Nxe7 14. Ne5 Nf6 15. Qd3 Bd7 16. Rad1 Rc8 17. Ba2 g6 18. Qf3 Ned5 19. Nxd5 Nxd5 20. Qh3 Bxa4 21. b3 Bb5 22. Qxh6 Qf6 23. Rd2 Rc3 24. Bb1 Qf4 25. Qxf4 Nxf4 26. g3 Nd5 27. h4 Rfc8 28. Kh2 Rxb3 29. Ba2 Rbc3 30. h5 gxh5 31. Bb1 Rc1 32. Rxc1 Rxc1 33. Be4 Kg7 34. Kh3 f6 35. Nd3 Bxd3 36. Bxd3 b5 37. Be2 f5 38. Kh4 Kf6 39. Bf3 b4 40. Kh3 Rc3 41. Kg2 b3 42. Bxh5 Rc2 43. Rd3 b2 44. Rb3 Nc3 45. d5 b1=Q 0-1

[Event "Marienbad Open IM1 2020"]
[Site "Marianske Lazne"]
[Date "2020.01.24"]
[Round "8.9"]
[White "Steiner, Bruno"]
[Black "Michalek, Jan"]
[Result "0-1"]
[ECO "A34"]
[WhiteElo "2117"]
[BlackElo "2251"]
[Annotator "NA"]
[PlyCount "66"]
[EventDate "2020.01.18"]
[EventType "tourn"]
[EventCountry "CZE"]
[SourceTitle "playchess.com"]
[Source "ChessBase"]
[SourceQuality "1"]
[TimeControl "40/5400+30:1800+30"]

1. e4 g6 2. c4 Bg7 3. Nc3 c5 4. Nge2 Nc6 5. g3 Ne5 6. Bg2 Nd3+ 7. Kf1 d6 8. Qc2 Nxc1 9. Rxc1 Nf6 10. d3 h5 11. h4 Nd7 12. Bh3 e6 13. Kg2 Ne5 14. Rcd1 Nc6 15. Rde1 g5 16. hxg5 Qxg5 17. a3 Bd7 18. d4 Bxd4 19. Nb5 Ke7 20. f4 Qg7 21. b4 Rag8 22. Rhf1 b6 23. Rf3 Rc8 24. Nexd4 Nxd4 25. Nxd4 cxd4 26. Qd3 b5 27. cxb5 Rc3 28. Qf1 Rhc8 29. e5 dxe5 30. f5 Rxf3 31. Qxf3 exf5 32. Qd5 f6 33. Bxf5 Bxf5 0-1